 Dungeon Crawl Stone Soup version 0.31-a0-810-ga77100ea1a (webtiles) character file.

Game seed: 13136410113700914777

856 Dittersdorf the Covered (level 8, -2/51 HPs)
             Began as a Gargoyle Fighter on Sept 21, 2023.
             Was an Initiate of Gozag.
             Slain by an ogre
             ... wielding a +0 giant club
              (12 damage)
             ... on level 5 of the Dungeon.
             The game lasted 00:05:03 (4033 turns).

Dittersdorf the Covered (Gargoyle Fighter)          Turns: 4033, Time: 00:05:04

Health: -2/51      AC: 16    Str: 29    XL:     8   Next: 2%
Magic:  8/8        EV:  8    Int:  8    God:    Gozag
Gold:   282        SH:  5    Dex:  9    Spells: 7/7 levels left

rFire   . . .        a - +0 flail
rCold   . . .        c - +0 buckler
rNeg    + . .        u - +0 chain mail
rPois   ∞            (no helmet)
rElec   +            (no cloak)
rCorr   .            (no gloves)
SInv    +            g - +0 pair of boots
Will    .....        (no amulet) Stlth
                     h - +6 ring of strength
HPRegen 0.28/turn    n - ring of see invisible
MPRegen 0.11/turn

%: no passive effects
@: no status effects
A: sickness immunity, AC +5, negative energy resistance 1, electricity
resistance, torment resistance 1, petrification resistance
a: Renounce Religion, Potion Petition, Call Merchant, Bribe Branch


You were on level 5 of the Dungeon.
You worshipped Gozag.
Gozag was aware of your devotion.
You visited 2 branches of the dungeon, and saw 6 of its levels.

You collected 349 gold pieces.
You paid 67 gold pieces to Gozag.

Inventory:

Hand Weapons
 a - a +0 flail (weapon)
Missiles
 k - 10 poisoned darts (quivered)
Armour
 c - a +0 buckler (worn)
 g - a +0 pair of boots (worn)
 s - a +0 plate armour
 u - a +0 chain mail (worn)
Jewellery
 h - a +6 ring of strength (left hand)
 n - a ring of see invisible (right hand)
Scrolls
 e - 2 scrolls of amnesia {unknown}
 f - 4 scrolls of enchant armour {unknown}
 i - 15 scrolls of identify {unknown}
 j - 2 scrolls of enchant weapon {unknown}
 l - 2 scrolls of vulnerability {unknown}
 m - a scroll of poison {unknown}
 o - 4 scrolls of teleportation {unknown}
 q - a scroll of fear {unknown}
 v - a scroll of immolation {unknown}
 x - a scroll of brand weapon {unknown}
Potions
 b - 2 potions of ambrosia {unknown}
 d - 3 potions of might
 p - a potion of curing {unknown}
 r - 2 potions of heal wounds {unknown}
 t - a potion of cancellation {unknown}
 w - a potion of attraction {unknown}
 z - a potion of degeneration {unknown}


   Skills:
 + Level 5.7 Fighting
 + Level 4.7 Maces & Flails
 + Level 5.8 Armour
 + Level 5.8 Shields


You had 7 spell levels left.
You didn't know any spells.
Your spell library contained the following spells:

 Spells                   Type           Power      Damage    Failure   Level
 Magic Dart               Conj           0%         1d3       89%         1
 Summon Small Mammal      Summ           0%         N/A       89%         1
 Searing Ray              Conj           0%         2d4       96%         2
 Call Canine Familiar     Summ           0%         N/A       99%         3
 Summon Guardian Golem    Hex/Summ       0%         N/A       99%         3
 Dispel Undead            Necr           0%         3d6       100%        4
 Fulminant Prism          Conj/Hex       0%         3d5       100%        4
 Death Channel            Necr           0%         N/A       100%        6
 Cigotuvi's Dreadful Rot  Necr/Pois/Air  Unusable   N/A       N/A         2

Dungeon Overview and Level Annotations

Branches:
Dungeon (5/15)             Temple (1/1) D:5

Altars:
Dithmenos
Elyvilon
Fedhas
Gozag
Kikubaaqudgha
Ru
Sif Muna
Uskayaw
Vehumet
Xom
Yredelemnul
Zin
The Shining One

Shops:
D:1 *


Innate Abilities, Weirdness & Mutations

You are immune to sickness and miasma.
Your stone body is resilient. (AC +5)
You are immune to poison.
You resist negative energy. (rN+)
You are resistant to electric shocks. (rElec)
You are resistant to unholy torment.
You are immune to petrification.


Message History

You throw a poisoned dart. The poisoned dart hits the ogre.
The ogre is lightly wounded.
The ogre hits you but does no damage.
Throw: 13 darts (poison)
Press: ? - help, Q - select action, (/) - cycle Shift-Dir - straight line, f - you, p - ogre Really target yourself? [Y]es or [N]o only, please.
Really target yourself? [Y]es or [N]o only, please.
Really target yourself? [Y]es or [N]o only, please.
Really target yourself? [Y]es or [N]o only, please.
Really target yourself? [Y]es or [N]o only, please.
Really target yourself?
Okay, then.
Throw: 13 darts (poison)
Press: ? - help, Q - select action, (/) - cycle Shift-Dir - straight line, f - ogre
Aim: an ogre, wielding a +0 giant club (lightly wounded, poisoned, 70% to hit)
You throw a poisoned dart. The poisoned dart hits the ogre.
The ogre is lightly wounded.
The ogre closely misses you.
Throw: 12 darts (poison)
Press: ? - help, Q - select action, (/) - cycle Shift-Dir - straight line, f/p - ogre
Aim: an ogre, wielding a +0 giant club (lightly wounded, poisoned, 70% to hit)
You throw a poisoned dart.
The poisoned dart barely misses the ogre.
Throw: 11 darts (poison)
Press: ? - help, Q - select action, (/) - cycle Shift-Dir - straight line, f/p - ogre
Aim: an ogre, wielding a +0 giant club (lightly wounded, poisoned, 70% to hit)
You throw a poisoned dart. The poisoned dart hits the ogre.
The ogre looks even sicker.
The ogre is lightly wounded.
The ogre barely misses you.
You barely miss the ogre.
The ogre is lightly wounded.
The ogre hits you with a +0 giant club!
You die...
Your body crumbles into a pile of gold.

#...............####.....
########'####........##'#
#... #.....#........#...
#....+.....#........#...
#....# ....#........'.).
#.... ...#........##)#
#....###...##.......#..#
#......#....#.......#...
#......@O..(#.......#...
#......#....#.......#...
###+##.#######.......####
#....#.##................
#....+..+................
#....#..#................
#......##................
#######.....#############
#.....#....>.


You could see an ogre (very poisoned).

Vanquished Creatures
  A black bear (D:5)
  An ice beast (D:5)
  Pargi (D:4)
  A kobold brigand (D:4)
  2 scorpions
  A jelly (D:5)
  An orc priest (D:5)
  2 gnoll boudas
  A sleepcap (D:5)
  An iguana (D:5)
  An orc wizard (D:5)
  10 gnolls
  5 adders
  2 white imps (D:5)
  A worm (D:2)
  A dart slug (D:3)
  3 orcs
  6 ball pythons
  2 bats
  5 endoplasms
  5 goblins
  A hobgoblin (D:3)
  A quokka (D:2)
  2 frilled lizards
  5 kobolds
  3 rats
65 creatures vanquished.

Notes
Turn   | Place    | Note
-------+----------+-------------------------------------------
     0 | D:1      | Dittersdorf the Gargoyle Fighter began the quest for the
                  | Orb.
     0 | D:1      | Reached XP level 1. HP: 14/14 MP: 1/1
    99 | D:1      | Found a transporter.
   101 | D:1      | Found Raxios's General Store.
   146 | D:1      | Reached XP level 2. HP: 17/19 MP: 2/2
   497 | D:1      | Reached XP level 3. HP: 23/23 MP: 3/3
   749 | D:1      | Found a transporter.
  1107 | D:2      | Reached XP level 4. HP: 25/29 MP: 4/4
  1251 | D:2      | Found a faded altar of an unknown god.
  1978 | D:4      | Noticed a scorpion
  2002 | D:3      | Killed a scorpion
  2003 | D:3      | Reached XP level 5. HP: 33/33 MP: 5/5
  2200 | D:4      | Noticed a kobold brigand
  2236 | D:4      | Killed a kobold brigand
  2237 | D:4      | Reached XP level 6. HP: 15/39 MP: 6/6
  2359 | D:4      | Noticed Pargi
  2396 | D:4      | Killed Pargi
  2880 | D:5      | Entered Level 5 of the Dungeon
  2905 | D:5      | Found a staircase to the Ecumenical Temple.
  2918 | Temple   | Entered the Ecumenical Temple
  2934 | Temple   | Became a worshipper of Gozag Ym Sagoz the Greedy
  3135 | D:5      | Noticed an ice beast
  3142 | D:5      | Reached skill level 5 in Shields
  3146 | D:5      | Killed an ice beast
  3147 | D:5      | Reached skill level 5 in Fighting
  3147 | D:5      | Reached skill level 5 in Armour
  3147 | D:5      | Reached XP level 7. HP: 26/44 MP: 7/7
  3937 | D:5      | Reached XP level 8. HP: 32/51 MP: 8/8
  4033 | D:5      | Slain by an ogre

Illustrated notes

Levels and vault maps discovered:
D:1:      denvon_arrival_waterhouse, layout_loops_ring, serial_shops,
          nicolae_shop_drivethru
D:2:      layout_rooms, shapermc_ecumenical_altar_mp_ritualfount,
          nicolae_the_louvre
D:3:      layout_loops_ring, minmay_stone_trees_medium
D:4:      layout_basic, uniq_pargi
D:5:      layout_gridville, minmay_temple_entry_large_hall,
          hangedman_minor_gate_pass
Temple:   dshaligram_water_room_temple

Skill      XL: |  1  2  3  4  5  6 |
---------------+-------------------+-----
Shields        | 4 5 |  5.8
Fighting       | 4 5 |  5.7
Armour         | 4 5 |  5.8
Maces & Flails | 3 4 |  4.7

Action                     |  1- 3 |  4- 6 |  7- 9 || total
---------------------------+-------+-------+-------++-------
  Melee: Flail             |    56 |   164 |    92 ||   312
  Throw: Dart              |       |    16 |     6 ||    22
 Armour: Scale mail        |    34 |   165 |       ||   199
         Chain mail        |       |    24 |    82 ||   106
  Dodge: Dodged            |    28 |    96 |    42 ||   166
  Block: Buckler           |    16 |    47 |    20 ||    83

Table legend: (Time is in decaauts)
 A = Elapsed time spent in this place.
 B = Non-inter-level travel time spent in this place.
 C = Inter-level travel time spent in this place.
 D = Time resting spent in this place.
 E = Time spent auto-exploring this place.
 F = Levels seen in this place.
 G = Mean time per level.
                   A        B        C        D        E       F      G
               +--------+--------+--------+--------+--------+-----+--------+
         Total |   4115 |   3819 |    296 |    326 |   2638 |   6 |  685.8 |
       Dungeon |   4083 |   3817 |    266 |    326 |   2638 |   5 |  816.6 |
        Temple |     32 |      2 |     30 |      0 |      0 |   1 |   32.0 |
               +--------+--------+--------+--------+--------+-----+--------+

Top non-repeatable levels by time:
     D:5: 1096 daAuts
     D:4: 963 daAuts
     D:1: 871 daAuts
     D:3: 698 daAuts
     D:2: 454 daAuts
  Temple: 32 daAuts
